[Event "45th FIDE Olympiad 2024"]
[Site "Budapest"]
[Date "2024.09.14"]
[Round "4.102"]
[White "Berdayes Ason, Dylan Isidro"]
[Black "Valdes Romero, Leonardo"]
[Result "0-1"]
[ECO "D35"]
[WhiteElo "2474"]
[BlackElo "2347"]
[Annotator "ChessBase"]
[PlyCount "96"]
[EventDate "2024.09.05"]
[EventType "team-tourn"]
[EventCountry "HUN"]
[SourceTitle "playchess.com"]
[Source "ChessBase"]
[SourceQuality "1"]
[WhiteTeam "Cuba"]
[BlackTeam "Costa Rica"]
[WhiteTeamCountry "CUB"]
[BlackTeamCountry "CRI"]
[TimeControl "40/5400+30:1800+30"]

1. d4 Nf6 2. c4 e6 3. Nc3 d5 4. cxd5 exd5 5. Bg5 c6 6. e3 Bd6 7. Bd3 O-O 8. Nf3 Re8 9. O-O Bg4 10. Qb3 Na6 11. Rfe1 Qd7 12. Bxf6 Bxf3 13. Bh4 Bh5 14. Bxa6 bxa6 15. Bg3 Re6 16. Na4 Rae8 17. Bxd6 Qxd6 18. Nc5 Rh6 19. e4 dxe4 20. Nxe4 Rhe6 21. f3 Qxd4+ 22. Kh1 Bg6 23. Red1 Qe5 24. h3 Bxe4 25. fxe4 Qxe4 26. Rac1 h5 27. Qd3 Qe5 28. b3 Qb2 29. Rb1 Qxa2 30. Ra1 Qf2 31. Qxa6 Rg6 32. Rg1 Re2 33. Raf1 Qe3 34. Qc8+ Qe8 35. Qc7 Qe6 36. Qb8+ Kh7 37. Qf4 Qxb3 38. Qf5 Qd5 39. Qxd5 cxd5 40. Rxf7 Rd6 41. Rxa7 d4 42. Ra5 Kh6 43. h4 Re4 44. g3 Re2 45. Rg2 d3 46. Ra1 Rxg2 47. Kxg2 d2 48. Rd1 Kg6 0-1

[Event "45th FIDE Olympiad 2024"]
[Site "Budapest"]
[Date "2024.09.14"]
[Round "4.103"]
[White "Jimenez Garcia, Emmanuel"]
[Black "Miranda Mesa, Elier"]
[Result "1/2-1/2"]
[ECO "A11"]
[WhiteElo "2352"]
[BlackElo "2512"]
[Annotator "ChessBase"]
[PlyCount "48"]
[EventDate "2024.09.05"]
[EventType "team-tourn"]
[EventCountry "HUN"]
[SourceTitle "playchess.com"]
[Source "ChessBase"]
[SourceQuality "1"]
[WhiteTeam "Costa Rica"]
[BlackTeam "Cuba"]
[WhiteTeamCountry "CRI"]
[BlackTeamCountry "CUB"]
[TimeControl "40/5400+30:1800+30"]

1. Nf3 d5 2. g3 c6 3. Bg2 Bg4 4. c4 e6 5. Qb3 Qb6 6. d3 Nd7 7. Be3 Qxb3 8. axb3 a6 9. h3 Bh5 10. g4 Bg6 11. Nh4 Bd6 12. Bd4 f6 13. Nxg6 hxg6 14. Bc3 Ne7 15. Nd2 Kf7 16. e3 Rad8 17. f4 Rhe8 18. O-O Kg8 19. b4 Bc7 20. Nb3 Bb6 21. Bd4 Bc7 22. Bc3 Bb6 23. Bd4 Bc7 24. Bc3 Bb6 1/2-1/2

[Event "45th FIDE Olympiad 2024"]
[Site "Budapest"]
[Date "2024.09.14"]
[Round "4.103"]
[White "Abdou, Mohamed"]
[Black "Mbongeni, Mabuza"]
[Result "1/2-1/2"]
[ECO "D02"]
[WhiteElo "1782"]
[BlackElo "1784"]
[PlyCount "60"]
[EventDate "2024.09.05"]
[EventType "team-tourn"]
[EventCountry "HUN"]
[WhiteTeam "Comoros Islands"]
[BlackTeam "Eswatini"]
[WhiteTeamCountry "COM"]
[TimeControl "40/5400+30:1800+30"]

1. d4 Nf6 2. Bf4 d5 3. e3 e6 4. Nf3 Bd6 5. Bg3 O-O 6. Bd3 c5 7. c3 Nc6 8. Nbd2 a6 9. e4 dxe4 10. Nxe4 Nxe4 11. Bxe4 f5 12. Bxc6 bxc6 13. Be5 cxd4 14. Qxd4 Bxe5 15. Qxe5 Qb6 16. Rb1 c5 17. O-O Bb7 18. Ng5 Bd5 19. b3 Qc6 20. f3 c4 21. b4 f4 22. Nh3 Rf5 23. Qe2 Re8 24. Rfe1 e5 25. Nf2 e4 26. fxe4 Bxe4 27. Rbd1 Rfe5 28. Nxe4 Rxe4 29. Qd2 Qb6+ 30. Kh1 Qe6 1/2-1/2

[Event "45th FIDE Olympiad 2024"]
[Site "Budapest"]
[Date "2024.09.14"]
[Round "4.104"]
[White "Almeida Quintana, Omar"]
[Black "Cabezas Solano, David Alejandro"]
[Result "1-0"]
[ECO "A14"]
[WhiteElo "2492"]
[BlackElo "2248"]
[Annotator "ChessBase"]
[PlyCount "135"]
[EventDate "2024.09.05"]
[EventType "team-tourn"]
[EventCountry "HUN"]
[SourceTitle "playchess.com"]
[Source "ChessBase"]
[SourceQuality "1"]
[WhiteTeam "Cuba"]
[BlackTeam "Costa Rica"]
[WhiteTeamCountry "CUB"]
[BlackTeamCountry "CRI"]
[TimeControl "40/5400+30:1800+30"]

1. Nf3 d5 2. g3 Nf6 3. Bg2 e6 4. O-O Be7 5. c4 O-O 6. b3 d4 7. e3 c5 8. exd4 cxd4 9. d3 Nc6 10. Re1 Bb4 11. Re2 a5 12. Na3 Nd7 13. Nb5 e5 14. a3 Be7 15. Rb1 f6 16. Reb2 Nb6 17. Nd2 Bf5 18. Ne4 Qd7 19. f4 Bg6 20. fxe5 Nxe5 21. Bf4 Rad8 22. Bxe5 fxe5 23. Qe1 Nd5 24. Nc5 Bxc5 25. Bxd5+ Kh8 26. Be4 Qg4 27. Re2 Bh5 28. Rbb2 Be7 29. Kg2 Bg5 30. h3 Qc8 31. g4 Be8 32. Qxa5 h5 33. Qc7 Qe6 34. Rf2 Bxb5 35. cxb5 hxg4 36. Rxf8+ Rxf8 37. Rf2 gxh3+ 38. Kf1 Rc8 39. Qxb7 Rc1+ 40. Ke2 Qg4+ 41. Bf3 Rc2+ 42. Kf1 Rc1+ 43. Ke2 Qh4 44. Qa8+ Bd8 45. Rf1 Rc2+ 46. Kd1 Ra2 47. Rh1 h2 48. Kc1 Qg5+ 49. Kb1 Rf2 50. Rc1 Kh7 51. Be4+ g6 52. Qc6 Kh6 53. b6 Kh5 54. b7 Qd2 55. Qc2 Qxc2+ 56. Rxc2 Rxc2 57. b8=Q Re2 58. Bf3+ Kh4 59. Qxd8+ Kg3 60. Qd5 Re1+ 61. Kc2 Kf2 62. b4 g5 63. Bh1 Re2+ 64. Kb3 Kg1 65. Qf3 Rd2 66. b5 g4 67. Qxg4+ Kxh1 68. Qe4+ 1-0

[Event "45th FIDE Olympiad 2024"]
[Site "Budapest"]
[Date "2024.09.14"]
[Round "4.105"]
[White "Xie, Felix"]
[Black "Kuybokarov, Temur"]
[Result "1-0"]
[ECO "C55"]
[WhiteElo "2320"]
[BlackElo "2562"]
[Annotator "TA"]
[PlyCount "61"]
[EventDate "2024.09.05"]
[EventType "team-tourn"]
[EventCountry "HUN"]
[SourceTitle "playchess.com"]
[Source "ChessBase"]
[SourceQuality "1"]
[WhiteTeam "New Zealand"]
[BlackTeam "Australia"]
[WhiteTeamCountry "NZL"]
[BlackTeamCountry "AUS"]
[TimeControl "40/5400+30:1800+30"]

1. e4 e5 2. Nf3 Nc6 3. Nc3 Nf6 4. h3 g6 5. Bc4 Bg7 6. d3 d6 7. a4 O-O 8. O-O h6 9. Re1 Na5 10. Ba2 c5 11. Nd5 {White is slightly better.} Nc6 12. Ne3 Kh8 13. c3 Nh7 14. Nd5 Be6 15. Bd2 Qd7 16. Kh2 (16. b4 $16) 16... f5 $11 17. b4 Qf7 18. b5 Nd8 19. Nh4 {White has more active pieces.} Bf6 {Repels Ne7. Black cannot hold the game after this.} (19... Re8 $1 $14) 20. exf5 $18 gxf5 21. Nxf6 Qxf6 22. Qh5 {Black must now prevent Ng6+.} Kg7 23. d4 Bd7 $2 (23... e4 {was worth a try.} 24. Re3 Ng5) 24. dxe5 dxe5 25. g3 {[%cal Oe1e5] And now Rxe5! would win.} Nf7 (25... Be8 {keeps fighting.} 26. Qe2 e4) 26. Bd5 Nd6 $2 {[#]} (26... Be6) 27. Rxe5 $3 Ng5 {[#]} (27... Rae8 28. Rae1) 28. Re7+ Qxe7 (28... Ndf7 29. Rae1) 29. Qg6+ {White mates.} Kh8 30. Qxh6+ Qh7 31. Ng6# {Weighted Error Value: White=0.26 (precise) /Black=0.91.  Mistake:       	White=1     	Black=4      Inaccurate:     	White=1     	Black=3      OK:         	White=10    	Black=5      Brilliant:      	White=1     	---} 1-0

[Event "45th FIDE Olympiad 2024"]
[Site "Budapest"]
[Date "2024.09.14"]
[Round "4.105"]
[White "Ferguson, Joseph"]
[Black "El, Rozak"]
[Result "1-0"]
[ECO "A03"]
[WhiteElo "1797"]
[BlackElo "1514"]
[PlyCount "117"]
[EventDate "2024.09.05"]
[EventType "team-tourn"]
[EventCountry "HUN"]
[WhiteTeam "Bahamas"]
[BlackTeam "Cambodia"]
[WhiteTeamCountry "BAH"]
[BlackTeamCountry "CAM"]
[TimeControl "40/5400+30:1800+30"]

1. f4 d5 2. Nf3 g6 3. e3 Nf6 4. b3 Bg7 5. Bb2 Bg4 6. Be2 O-O 7. O-O c6 8. Ng5 Bxe2 9. Qxe2 Nbd7 10. d3 Re8 11. Nd2 a5 12. a4 h6 13. Ngf3 Qc7 14. Ne5 Nc5 15. Ba3 Na6 16. Rab1 Rad8 17. Ng4 Nh7 18. Bb2 Bxb2 19. Rxb2 Kg7 20. Qf2 Qb6 21. f5 Rf8 22. f6+ exf6 23. Nxf6 Qc5 24. c4 Nb4 25. d4 Qe7 26. Nxh7 Kxh7 27. Qe2 f5 28. Nf3 c5 29. Ne5 cxd4 30. exd4 Nc6 31. Nxc6 Qxe2 32. Rxe2 bxc6 33. Re7+ Kg8 34. Re6 Kf7 35. Rxc6 dxc4 36. Rxc4 Rd5 37. b4 axb4 38. Rxb4 Rfd8 39. Rd1 Kf6 40. Kf2 f4 41. Kf3 Kf5 42. Rb5 g5 43. g4+ fxg3 44. hxg3 h5 45. Rdb1 Ke6 46. Rxd5 Rxd5 47. Ke4 Ra5 48. Rb5 Rxa4 49. Rxg5 Ra3 50. Kf4 Rd3 51. d5+ Rxd5 52. Rxd5 Kxd5 53. Kg5 Ke6 54. Kxh5 Kf7 55. Kh6 Kg8 56. Kg6 Kh8 57. g4 Kg8 58. g5 Kh8 59. Kf7 1-0

[Event "45th FIDE Olympiad 2024"]
[Site "Budapest"]
[Date "2024.09.14"]
[Round "4.106"]
[White "Cheng, Bobby"]
[Black "Renjith, Sravan"]
[Result "1-0"]
[ECO "D34"]
[WhiteElo "2588"]
[BlackElo "2325"]
[Annotator "RC"]
[PlyCount "89"]
[EventDate "2024.09.05"]
[EventType "team-tourn"]
[EventCountry "HUN"]
[SourceTitle "playchess.com"]
[Source "ChessBase"]
[SourceQuality "1"]
[WhiteTeam "Australia"]
[BlackTeam "New Zealand"]
[WhiteTeamCountry "AUS"]
[BlackTeamCountry "NZL"]
[TimeControl "40/5400+30:1800+30"]

1. d4 d5 2. c4 e6 3. Nf3 c5 4. cxd5 exd5 5. g3 Nf6 6. Bg2 Nc6 7. O-O Be7 8. Nc3 O-O 9. Bg5 c4 10. Rc1 Be6 11. b3 cxb3 12. Qxb3 Na5 13. Qb1 Rc8 14. Bxf6 Bxf6 15. e3 Qe7 16. Nd2 Qd7 17. Qb5 Qxb5 18. Nxb5 Nc6 19. Nb3 Be7 20. Nc5 a6 21. Nxe6 fxe6 22. Nc3 Ba3 23. Rb1 b5 24. Ne2 Nd8 25. Nf4 Rc2 26. Rfe1 g5 27. Re2 Rc3 28. Nh3 h6 29. f4 Nc6 30. Nf2 Rc8 31. f5 Ne7 32. fxe6 Rc2 33. Rxc2 Rxc2 34. Ng4 Rxa2 35. Rf1 h5 36. Nf6+ Kh8 37. Nxh5 Ng8 38. Bxd5 Re2 39. Rf7 Rxe3 40. Kf2 Bc1 41. g4 b4 42. Ba2 Nh6 43. Rf8+ Ng8 44. e7 b3 45. Bxb3 1-0

[Event "45th FIDE Olympiad 2024"]
[Site "Budapest"]
[Date "2024.09.14"]
[Round "4.107"]
[White "Croad, Nicolas"]
[Black "Sardana, Rishi"]
[Result "0-1"]
[ECO "E48"]
[WhiteElo "2195"]
[BlackElo "2477"]
[Annotator "ChessBase"]
[PlyCount "56"]
[EventDate "2024.09.05"]
[EventType "team-tourn"]
[EventCountry "HUN"]
[SourceTitle "playchess.com"]
[Source "ChessBase"]
[SourceQuality "1"]
[WhiteTeam "New Zealand"]
[BlackTeam "Australia"]
[WhiteTeamCountry "NZL"]
[BlackTeamCountry "AUS"]
[TimeControl "40/5400+30:1800+30"]

1. d4 Nf6 2. c4 e6 3. Nc3 Bb4 4. e3 O-O 5. Bd3 d5 6. Nge2 Re8 7. O-O b6 8. a3 Bd6 9. e4 dxe4 10. Nxe4 Nxe4 11. Bxe4 Bxh2+ 12. Kxh2 Qh4+ 13. Kg1 Qxe4 14. Re1 Nc6 15. f3 Qh4 16. Bf4 Ba6 17. Bg3 Qg5 18. Qa4 Bb7 19. Rad1 Ne7 20. Bf4 Qg6 21. Kf2 Nf5 22. Rh1 c5 23. Rh3 cxd4 24. g4 Ne3 25. Rxd4 e5 26. Bxe3 exd4 27. Nxd4 Qd3 28. f4 Rxe3 0-1

[Event "45th FIDE Olympiad 2024"]
[Site "Budapest"]
[Date "2024.09.14"]
[Round "4.108"]
[White "Smerdon, David C"]
[Black "Gong, Daniel Hanwen"]
[Result "1/2-1/2"]
[ECO "C43"]
[WhiteElo "2475"]
[BlackElo "2240"]
[Annotator "ChessBase"]
[PlyCount "129"]
[EventDate "2024.09.05"]
[EventType "team-tourn"]
[EventCountry "HUN"]
[SourceTitle "playchess.com"]
[Source "ChessBase"]
[SourceQuality "1"]
[WhiteTeam "Australia"]
[BlackTeam "New Zealand"]
[WhiteTeamCountry "AUS"]
[BlackTeamCountry "NZL"]
[TimeControl "40/5400+30:1800+30"]

1. e4 e5 2. Nf3 Nf6 3. d4 Nxe4 4. Bd3 d5 5. Nxe5 Nd7 6. Nc3 Bb4 7. O-O Nxe5 8. dxe5 Bxc3 9. bxc3 Be6 10. Qe1 Nc5 11. Bb5+ c6 12. Ba3 Qa5 13. Bxc5 Qxb5 14. Qe3 b6 15. Bd6 O-O-O 16. a4 Qa6 17. a5 b5 18. h3 h5 19. Rfb1 Rhg8 20. Rb4 Rd7 21. Rh4 g6 22. Kh2 Qb7 23. Qg5 Rdd8 24. Rf4 Qd7 25. Rf6 Rh8 26. Rd1 Kb7 27. Rd4 Ka6 28. Qe3 Rhe8 29. Rdf4 Rh8 30. Qc5 Rc8 31. Kg1 Rh7 32. Kf1 Rhh8 33. Ke1 Rh7 34. Kd1 Rhh8 35. Ke1 Rh7 36. Ke2 Rhh8 37. Kd1 Rh7 38. Kd2 Rhh8 39. Kc1 Rh7 40. Kb1 Rhh8 41. Kc1 Rh7 42. Kb2 Rhh8 43. Rf3 Rh7 44. Rg3 Rhh8 45. Rgf3 Rh7 46. R3f4 Rhh8 47. Rh4 Qd8 48. f4 Qxa5 49. g4 d4 50. cxd4 g5 51. f5 Qa2+ 52. Kc1 Bc4 53. Rxh5 Rhd8 54. Qa3+ Qxa3+ 55. Bxa3 Rxd4 56. e6 fxe6 57. fxe6 b4 58. Bxb4 Bxe6 59. Rxe6 Rxb4 60. Rxg5 Kb6 61. h4 a5 62. h5 a4 63. Re3 Rf8 64. Rf5 Ra8 65. Rff3 1/2-1/2

[Event "45th FIDE Olympiad 2024"]
[Site "Budapest"]
[Date "2024.09.14"]
[Round "4.109"]
[White "Bogner, Sebastian"]
[Black "Camacho Collados, Jose"]
[Result "1-0"]
[ECO "D38"]
[WhiteElo "2545"]
[BlackElo "2352"]
[Annotator "ChessBase"]
[PlyCount "75"]
[EventDate "2024.09.05"]
[EventType "team-tourn"]
[EventCountry "HUN"]
[SourceTitle "playchess.com"]
[Source "ChessBase"]
[SourceQuality "1"]
[WhiteTeam "Switzerland"]
[BlackTeam "Wales"]
[WhiteTeamCountry "SUI"]
[BlackTeamCountry "WLS"]
[TimeControl "40/5400+30:1800+30"]

1. d4 Nf6 2. c4 e6 3. Nf3 d5 4. Nc3 Bb4 5. cxd5 exd5 6. Bg5 h6 7. Bh4 Nbd7 8. Qc2 g5 9. Bg3 Ne4 10. Nd2 Nxc3 11. bxc3 Be7 12. e3 Nb6 13. a4 a5 14. Bd3 Be6 15. Be5 Bf6 16. f4 Bxe5 17. fxe5 g4 18. O-O Qg5 19. Rf4 h5 20. Bb5+ Kf8 21. Raf1 Kg7 22. Nb3 c6 23. Qf2 Rh6 24. Bd3 Nxa4 25. Bf5 Rg8 26. Qe1 Kh8 27. Nxa5 Nb2 28. Nxb7 Nc4 29. Bd3 g3 30. h4 Qe7 31. Bxc4 Qxb7 32. Bd3 Qb2 33. R1f3 Bh3 34. Rxg3 Rxg3 35. Qxg3 Bg4 36. Rxf7 Qxc3 37. e6 Qa1+ 38. Kh2 1-0

[Event "45th FIDE Olympiad 2024"]
[Site "Budapest"]
[Date "2024.09.14"]
[Round "4.110"]
[White "Kozusek, Daniel"]
[Black "Peng, Li Min"]
[Result "0-1"]
[ECO "A17"]
[WhiteElo "2367"]
[BlackElo "2514"]
[Annotator "ChessBase"]
[PlyCount "66"]
[EventDate "2024.09.05"]
[EventType "team-tourn"]
[EventCountry "HUN"]
[SourceTitle "playchess.com"]
[Source "ChessBase"]
[SourceQuality "1"]
[WhiteTeam "Wales"]
[BlackTeam "Switzerland"]
[WhiteTeamCountry "WLS"]
[BlackTeamCountry "SUI"]
[TimeControl "40/5400+30:1800+30"]

1. c4 Nf6 2. Nc3 d5 3. e3 e6 4. Nf3 a6 5. b3 Bd6 6. Bb2 O-O 7. Qc2 c5 8. g4 Nc6 9. g5 Nh5 10. cxd5 Nb4 11. Qb1 exd5 12. a3 d4 13. axb4 dxc3 14. Bxc3 cxb4 15. Bd4 Re8 16. Be2 Bf8 17. Ne5 Nf4 18. Bc4 Be6 19. Qe4 Bxc4 20. bxc4 Ng6 21. f4 Qc7 22. Bb2 a5 23. O-O a4 24. Rfb1 Ra5 25. Qc2 b5 26. c5 Nxe5 27. Bxe5 Qxc5 28. Qxc5 Bxc5 29. d4 Bf8 30. d5 f6 31. Bc7 Ra6 32. d6 Rxd6 33. Rxb4 Rd7 0-1

[Event "45th FIDE Olympiad 2024"]
[Site "Budapest"]
[Date "2024.09.14"]
[Round "4.110"]
[White "Roberts, Gennard"]
[Black "Matthew Bailey"]
[Result "0-1"]
[ECO "B11"]
[WhiteElo "1582"]
[BlackElo "1548"]
[PlyCount "94"]
[EventDate "2024.09.05"]
[EventType "team-tourn"]
[EventCountry "HUN"]
[WhiteTeam "Grenada"]
[BlackTeam "Antigua and Barbuda"]
[WhiteTeamCountry "GRA"]
[BlackTeamCountry "ANT"]
[TimeControl "40/5400+30:1800+30"]

1. e4 c6 2. Nf3 d5 3. Nc3 Bg4 4. Be2 e6 5. d4 Bb4 6. Ng5 Bxe2 7. Qxe2 h6 8. Qh5 g6 9. Qh3 dxe4 10. O-O Bxc3 11. bxc3 Qd5 12. Re1 Nf6 13. f3 exf3 14. Nxe6 fxe6 15. Rxe6+ Kf7 16. Re5 Qd7 17. Qxf3 Qg4 18. Ba3 Qxf3 19. Re7+ Kg8 20. gxf3 Nbd7 21. Rb1 b6 22. Re6 Rc8 23. Kf2 Rh7 24. Rg1 Rg7 25. Rge1 Rf7 26. Bc1 Kg7 27. c4 Nf8 28. Re7 Rc7 29. R7e2 g5 30. h3 Ng6 31. Bb2 Kh7 32. Rd1 Nf4 33. Red2 Nxh3+ 34. Kg3 Nf4 35. d5 cxd5 36. Bxf6 Rxf6 37. cxd5 Rd6 38. Re1 Rxd5 39. Rxd5 Nxd5 40. Re2 Re7 41. Rd2 Nf4 42. Kg4 Kg6 43. Rd6+ Re6 44. Rd7 h5+ 45. Kg3 Re2 46. Rd6+ Kf5 47. Rd5+ Nxd5 {0-} 0-1

[Event "45th FIDE Olympiad 2024"]
[Site "Budapest"]
[Date "2024.09.14"]
[Round "4.111"]
[White "Georgiadis, Nico"]
[Black "Toczek, Grzegorz"]
[Result "1-0"]
[ECO "D26"]
[WhiteElo "2510"]
[BlackElo "2301"]
[Annotator "ChessBase"]
[PlyCount "48"]
[EventDate "2024.09.05"]
[EventType "team-tourn"]
[EventCountry "HUN"]
[SourceTitle "playchess.com"]
[Source "ChessBase"]
[SourceQuality "1"]
[WhiteTeam "Switzerland"]
[BlackTeam "Wales"]
[WhiteTeamCountry "SUI"]
[BlackTeamCountry "WLS"]
[TimeControl "40/5400+30:1800+30"]

1. d4 d5 2. c4 dxc4 3. Nf3 Nf6 4. e3 e6 5. Bxc4 a6 6. O-O b5 7. Bd3 Bb7 8. a4 b4 9. Nbd2 c5 10. a5 Be7 11. Qe2 Nbd7 12. Nc4 O-O 13. e4 cxd4 14. e5 Nd5 15. Qe4 g6 16. Qxd4 Nc5 17. Bc2 b3 18. Bd1 Nc7 19. Nd6 Bxf3 20. Bxf3 Nd7 21. Bh6 Rb8 22. Rfd1 Bg5 23. Bxf8 Nxf8 24. Qa7 Ra8 1-0

[Event "45th FIDE Olympiad 2024"]
[Site "Budapest"]
[Date "2024.09.14"]
[Round "4.112"]
[White "Bullen, Alex"]
[Black "Kurmann, Oliver"]
[Result "0-1"]
[ECO "D32"]
[WhiteElo "2155"]
[BlackElo "2421"]
[Annotator "ChessBase"]
[PlyCount "96"]
[EventDate "2024.09.05"]
[EventType "team-tourn"]
[EventCountry "HUN"]
[SourceTitle "playchess.com"]
[Source "ChessBase"]
[SourceQuality "1"]
[WhiteTeam "Wales"]
[BlackTeam "Switzerland"]
[WhiteTeamCountry "WLS"]
[BlackTeamCountry "SUI"]
[TimeControl "40/5400+30:1800+30"]

1. d4 Nf6 2. Nf3 e6 3. c4 d5 4. e3 c5 5. cxd5 exd5 6. Bb5+ Nc6 7. Nc3 cxd4 8. Nxd4 Bd7 9. O-O Bd6 10. Be2 O-O 11. Nxc6 bxc6 12. e4 Qc7 13. exd5 Bxh2+ 14. Kh1 Be5 15. Bf3 Rab8 16. Re1 cxd5 17. Nxd5 Nxd5 18. Bxd5 Bxb2 19. Bxb2 Rxb2 20. Qf3 Qc5 21. Kg1 Be6 22. Be4 Bxa2 23. Rec1 Qd4 24. Rd1 Qe5 25. Qa3 Bc4 26. Re1 Re2 27. Rxe2 Bxe2 28. Bc2 Qg5 29. Be4 a6 30. Re1 Qd2 31. Rb1 g6 32. Qe7 Bb5 33. Bb7 Re8 34. Qf6 Re6 35. Qf3 Re1+ 36. Rxe1 Qxe1+ 37. Kh2 Qe5+ 38. Kg1 Qe1+ 39. Kh2 Qe5+ 40. Kg1 Bc4 41. Qc6 Qb5 42. Qe4 a5 43. Bc6 Qc5 44. Qe8+ Kg7 45. Qa8 Bb3 46. Qe8 a4 47. Be4 a3 48. Qb8 a2 0-1

[Event "45th FIDE Olympiad 2024"]
[Site "Budapest"]
[Date "2024.09.14"]
[Round "4.113"]
[White "Barrish, Daniel"]
[Black "Supi, Luis Paulo"]
[Result "1-0"]
[ECO "D61"]
[WhiteElo "2281"]
[BlackElo "2570"]
[Annotator "TA"]
[PlyCount "131"]
[EventDate "2024.09.05"]
[EventType "team-tourn"]
[EventCountry "HUN"]
[SourceTitle "playchess.com"]
[Source "ChessBase"]
[SourceQuality "1"]
[WhiteTeam "South Africa"]
[BlackTeam "Brazil"]
[WhiteTeamCountry "RSA"]
[BlackTeamCountry "BRA"]
[TimeControl "40/5400+30:1800+30"]

1. d4 d5 2. c4 e6 3. Nc3 a6 4. cxd5 exd5 5. Bf4 Nf6 6. e3 Bd6 7. Bg5 c6 8. Bd3 Nbd7 9. Nf3 O-O 10. O-O Re8 11. Qc2 Be7 12. h3 Nf8 13. Bf4 Ng6 14. Rfe1 {White is slightly better.} Bd6 15. Bg5 Be6 16. e4 dxe4 17. Nxe4 Be7 18. Nc5 Bxc5 19. dxc5 h6 {[#]} (19... Bd5 $11 {keeps the balance.}) 20. Bxh6 $1 $16 {White is more active.} gxh6 21. Bxg6 Bd5 22. Rxe8+ Qxe8 23. Qc3 Ne4 (23... fxg6 $142 24. Qxf6 Qf7) 24. Bxe4 Qxe4 25. Re1 Qg6 26. a3 Kh7 27. Nh4 Qg5 28. g3 Rg8 (28... Be6 $16 29. Kh2 Rd8) 29. Qd3+ Kh8 30. Qd4+ Kh7 31. Kh2 Be6 32. Qd3+ Kh8 (32... Kg7 $16) 33. Qd4+ Kh7 34. Qd3+ Kh8 35. Qc3+ Kh7 (35... Qg7 $142) 36. Re5 Qf6 37. Qd3+ Kh8 38. Qe3 Rd8 (38... Rg5 {was necessary.} 39. Rxg5 (39. Nf3 Rf5 $18) 39... hxg5) 39. Ng2 $18 {aiming for Nf4.} Rd1 40. Nf4 Bd5 41. Nxd5 cxd5 {[%mdl 4096] Endgame. KQR-KQR} 42. Qe2 Rd4 43. Kg2 a5 44. Qe3 Rd1 45. Re8+ Kg7 46. Qe7 $40 {[%mdl 128] White goes for the king.} Qxb2 $2 (46... Qxe7 47. Rxe7 Rc1) 47. Qf8+ Kg6 48. Rd8 (48. Qg8+ Qg7 $11) (48. Qd6+ $142 Kh7 49. Qf4) 48... Qg7 (48... Re1 $142 49. Rd6+ (49. Rxd5 Qg7 $18) 49... Re6 50. Rxe6+ (50. Rxd5 Qg7 $18) 50... fxe6 51. Qg8+ Qg7 52. Qxe6+ Kh7 53. Qf5+ (53. Qxd5 Qc7 $18) 53... Kh8 54. Qxd5 Kh7 55. Qd3+ Kg8 56. Qd8+ Kh7 57. Qxa5 Qf7) 49. Rd6+ Kh7 50. Qe8 {[#] Strongly threatening Qd7.} Rd2 51. h4 a4 (51... Rd4 $142 52. Qe3 Rxh4) 52. Qe3 Rd4 53. Qf3 {Qf5+ would now be deadly.} Qf8 54. Qf5+ (54. Rxd5 Rxd5 55. Qe4+ (55. Qxd5 Qe7 $16) 55... Kg8 56. Qxd5 Qe7 $16) 54... Kg8 55. Qf6 {Prevents Qe7.} (55. Rxd5 Rxd5 56. Qxd5 Qe7 $16) 55... Re4 56. Rxd5 ({Not} 56. Qxh6 Qxh6 57. Rxh6 Rc4 $16) ({Don't play} 56. Rd8 Re8 57. Rd7 (57. Rxd5 Qe7 $18) 57... Re6 $18) 56... Re6 57. Qd4 Re8 (57... Re7 $142 58. Rd6 (58. Qxa4 Qc8 $18) (58. Rd8 Re8 $18) 58... Qg7 59. Qxa4 Qe5 60. Rxh6 Kg7) 58. Qxa4 Qe7 59. Qd4 Rc8 (59... Qe4+ {was called for.} 60. Qxe4 Rxe4 61. Rd8+ Kg7) 60. Qg4+ Kh7 61. Qf5+ Kg7 62. Rd7 Qe8 (62... Qf6 $142 63. Qg4+ Qg6 64. Rxf7+ Kxf7 65. Qd7+ (65. Qxc8 Qe4+ 66. Kh2 Qf3 $18) 65... Kf6) 63. Rxb7 Qc6+ 64. Qf3 Qxf3+ 65. Kxf3 Rxc5 66. Rb3 {Against Rc3+.   Weighted Error Value: White=0.63/Black=0.31.  Mistake:       	---       	Black=11     Inaccurate:     	White=5     	Black=2      OK:         	White=19    	Black=12     Best:        	White=1     	Black=11} 1-0

[Event "45th FIDE Olympiad 2024"]
[Site "Budapest"]
[Date "2024.09.14"]
[Round "4.114"]
[White "Quintiliano, Renato R."]
[Black "Karsten, Jan"]
[Result "1-0"]
[ECO "A48"]
[WhiteElo "2499"]
[BlackElo "2311"]
[Annotator "ChessBase"]
[PlyCount "73"]
[EventDate "2024.09.05"]
[EventType "team-tourn"]
[EventCountry "HUN"]
[SourceTitle "playchess.com"]
[Source "ChessBase"]
[SourceQuality "1"]
[WhiteTeam "Brazil"]
[BlackTeam "South Africa"]
[WhiteTeamCountry "BRA"]
[BlackTeamCountry "RSA"]
[TimeControl "40/5400+30:1800+30"]

1. d4 Nf6 2. Nf3 g6 3. Nbd2 c5 4. dxc5 Qa5 5. a3 Qxc5 6. b4 Qc7 7. Bb2 Bg7 8. c4 O-O 9. g3 b6 10. Bg2 Bb7 11. O-O d6 12. Rc1 Nbd7 13. Qb3 Rac8 14. Rfd1 Rfd8 15. Nf1 Qb8 16. Ne3 Qa8 17. g4 h6 18. h4 Ne5 19. g5 hxg5 20. hxg5 Nh5 21. Nxe5 dxe5 22. Bf1 Nf4 23. Ng4 Bg2 24. f3 Bxf1 25. Kxf1 Ne6 26. Bxe5 Nxg5 27. Bxg7 Kxg7 28. Qe3 Rxd1+ 29. Rxd1 Rh8 30. Rd7 Ne6 31. Qe5+ Kg8 32. Rxe7 Rh1+ 33. Kg2 Rh5 34. Nf6+ Kf8 35. Qd6 Rg5+ 36. Kf2 Ng7 37. Re8# 1-0

[Event "45th FIDE Olympiad 2024"]
[Site "Budapest"]
[Date "2024.09.14"]
[Round "4.115"]
[White "Mhango, Banele"]
[Black "Di Berardino, Diego Rafael"]
[Result "0-1"]
[ECO "B13"]
[WhiteElo "2261"]
[BlackElo "2472"]
[Annotator "ChessBase"]
[PlyCount "106"]
[EventDate "2024.09.05"]
[EventType "team-tourn"]
[EventCountry "HUN"]
[SourceTitle "playchess.com"]
[Source "ChessBase"]
[SourceQuality "1"]
[WhiteTeam "South Africa"]
[BlackTeam "Brazil"]
[WhiteTeamCountry "RSA"]
[BlackTeamCountry "BRA"]
[TimeControl "40/5400+30:1800+30"]

1. d4 Nf6 2. Nc3 d5 3. Bf4 c5 4. e3 cxd4 5. exd4 a6 6. Nf3 Nc6 7. Ne5 Bd7 8. g3 e6 9. Nxd7 Nxd7 10. Ne2 Be7 11. Bg2 O-O 12. O-O b5 13. c3 Nb6 14. b4 a5 15. a3 Nc4 16. Qb1 Ra7 17. Nc1 Bd6 18. Bxd6 Qxd6 19. Rd1 Rfa8 20. Nb3 axb4 21. axb4 Rxa1 22. Nxa1 Ra3 23. Nb3 Nb8 24. Bf1 Nd7 25. Bd3 g6 26. Rc1 Ndb6 27. Qc2 Na4 28. Ra1 Rxa1+ 29. Nxa1 Qc7 30. Nb3 Na3 31. Qa2 Qxc3 32. Bxb5 Qxb4 33. Bxa4 Qxa4 34. Nc5 Qb4 35. Kg2 Kg7 36. Qb3 Qxb3 37. Nxb3 g5 38. Kf3 h5 39. h3 Nc4 40. Nc5 Nd6 41. g4 h4 42. Ke3 Nc4+ 43. Ke2 Kf6 44. Nd7+ Ke7 45. Nc5 f6 46. f3 e5 47. Kd3 Nd6 48. Na6 Nb5 49. dxe5 fxe5 50. Nb4 Kd6 51. Nc2 Nc7 52. Ne3 Ne6 53. Nf5+ Kd7 0-1